 Dungeon Crawl Stone Soup version 0.29-a0-474-gdfe5cd140f (webtiles) character file.

Game seed: 8901589277308095185

193 Bruhh the Ogre Mage (level 5, -1/40 HPs)
             Began as an Ogre Earth Elementalist on May 24, 2022.
             Slain by an orc wizard
             ... wielding a +0 dagger
              (3 damage)
             ... on level 3 of the Dungeon.
             The game lasted 00:04:49 (3169 turns).

Bruhh the Ogre Mage (Ogre Earth Elementalist)       Turns: 3169, Time: 00:04:49

Health: -1/40      AC:  3    Str:  9 (12) XL:     5   Next: 72%
Magic:  5/12       EV:  9    Int: 15 (18) God:
Gold:   92         SH:  0    Dex:  7 (9)  Spells: 12/13 levels left

rFire   . . .      SeeInvis .   m - +0 spear
rCold   . . .      Faith    .   (no shield)
rNeg    . . .      Spirit   .   b - +0 robe
rPois   .          Reflect  .   (helmet restricted)
rElec   .          Harm     .   (no cloak)
rCorr   .          Rampage  .   (gloves unavailable)
Will    .....                   (boots unavailable)
Stlth   +.........              (no amulet)
HPRegen 0.13/turn               (no ring)
MPRegen 0.13/turn               (no ring)

@: unable to read
A: large, unfitting armour, tough skin 1, horns 1, frail 1, inability to read
while threatened
a: no special abilities


You were on level 3 of the Dungeon.
You visited 1 branch of the dungeon, and saw 3 of its levels.

You collected 92 gold pieces.

Inventory:

Hand Weapons
 m - a +0 spear (weapon)
Armour
 b - a +0 robe (worn)
Scrolls
 d - 4 scrolls of identify
 e - a scroll of silence {unknown}
 f - a scroll of brand weapon {unknown}
 j - a scroll of poison {unknown}
 k - a scroll of enchant weapon
 l - a scroll of immolation {unknown}
 n - a scroll of magic mapping {unknown}
Potions
 c - a potion of magic


   Skills:
 - Level 1.7 Dodging
 - Level 1.4 Stealth
 + Level 4.8 Spellcasting
 - Level 0.8 Transmutations
 + Level 4.4 Earth Magic


You had 12 spell levels left.
You knew the following spells:

 Your Spells              Type           Power      Damage    Failure   Level
a - Sandblast             Erth           32%        2d9       2%          1

Your spell library contained the following spells:

 Spells                   Type           Power      Damage    Failure   Level
 Passwall                 Tmut/Erth      9%         N/A       9%          2
 Freeze                   Ice            12%        1d4       17%         1
 Stone Arrow              Conj/Erth      20%        3d8       21%         3
 Frozen Ramparts          Ice            6%         1d2       45%         3
 Ozocubu's Armour         Ice            3%         N/A       45%         3
 Petrify                  Tmut/Erth      11%        N/A       50%         4
 Hailstorm                Conj/Ice       3%         3d3       86%         4
 Metabolic Englaciation   Hex/Ice        1%         N/A       99%         5
 Simulacrum               Ice/Necr       1%         N/A       100%        6


Dungeon Overview and Level Annotations

Branches:
Dungeon (3/15)

Altars:
Sif Muna


Innate Abilities, Weirdness & Mutations

You are too large for most types of armour.
You have tough skin. (AC +1)
You have a pair of small horns on your head.
You are frail. (-10% HP)
You sometimes lose the ability to read scrolls when taking damage.


Message History

Unknown command.
Casting: Sandblast (safe; 2% risk of failure)
Confirm with . or Enter, or press ? or * to list all spells.
Aiming: Sandblast (safe; 2% risk of failure)
Press: ? - help, Shift-Dir - straight line The blast of sand hits something but does no damage.
You now have no stones remaining.
Something hits you.
* * * LOW HITPOINT WARNING * * *
Casting: Sandblast (safe; 2% risk of failure)
Confirm with . or Enter, or press ? or * to list all spells.
You don't have any stones to cast with.
You barely miss something.
You hear some strange, mumbled words.
Something tries to affect you, but you resist.
Casting: Sandblast (safe; 2% risk of failure)
Confirm with . or Enter, or press ? or * to list all spells.
You don't have any stones to cast with.
It was a potion of curing.
You feel better. Something hits you.
You barely miss something. Something hits you.
* * * LOW HITPOINT WARNING * * *
You barely miss something.
You hear some strange, mumbled words.
A magic dart appears from out of thin air!
The magic dart hits you!
* * * LOW HITPOINT WARNING * * *
Something hits you but does no damage.
It was a potion of mutation.
You feel extremely strange.
You lose the ability to read scrolls when threatened.
You feel frail. A pair of horns grows on your head!
You hear some strange, mumbled words.
A magic dart appears from out of thin air!
The magic dart hits you.
You feel threatened and lose the ability to read scrolls!
* * * LOW HITPOINT WARNING * * *
It was a potion of degeneration.
There was something very wrong with that liquid.
You feel weakened.
You feel dopey.
You feel clumsy. Something hits you but does no damage.
You barely miss something. Something hits you.
You die...

### #..
#.#
#######.#
#.......#
#@# #{#
#)# #.#
#.# #.#
#.# #.#


There were no monsters in sight!

Vanquished Creatures
  Natasha (twice) (D:2)
  An orc wizard (D:3)
  Terence (D:2)
  Robin (D:2)
  2 adders (D:2)
  A worm (D:2)
  2 orcs (D:3)
  7 endoplasms
  2 giant cockroaches
  13 goblins
  5 hobgoblins
  5 kobolds
  2 quokkas (D:1)
  4 ball pythons
  6 bats
  2 frilled lizards
  8 rats
64 creatures vanquished.

Notes
Turn   | Place    | Note
-------+----------+-------------------------------------------
     0 | D:1      | Bruhh the Ogre Earth Elementalist began the quest for the
                  | Orb.
     0 | D:1      | Reached XP level 1. HP: 16/16 MP: 3/3
   213 | D:1      | Reached XP level 2. HP: 24/24 MP: 3/5
   991 | D:1      | Reached XP level 3. HP: 29/31 MP: 3/7
  1304 | D:1      | Found a faded altar of an unknown god.
  1965 | D:2      | Reached XP level 4. HP: 39/39 MP: 5/9
  2114 | D:2      | Noticed Terence
  2420 | D:2      | Identified the +0 helmet of Uwnyasa {Int+5 Dex+2}
  2420 | D:2      | Noticed Robin
  2425 | D:2      | Killed Robin
  2693 | D:2      | Noticed Natasha
  2696 | D:2      | Killed Natasha
  2697 | D:2      | Reached XP level 5. HP: 45/45 MP: 7/11
  2761 | D:2      | Noticed Natasha
  2765 | D:2      | Killed Natasha
  2785 | D:2      | Found a shimmering blue altar of Sif Muna.
  2798 | D:2      | Killed Terence
  3167 | D:3      | Gained mutation: You sometimes lose the ability to read
                  | scrolls when taking damage. [potion of mutation]
  3167 | D:3      | Gained mutation: You are frail. (-10% HP) [potion of
                  | mutation]
  3167 | D:3      | Gained mutation: You have a pair of small horns on your
                  | head. [potion of mutation]
  3167 | D:3      | HP: 1/40 [something/magic dart (4)]
  3169 | D:3      | Slain by an orc wizard

Illustrated notes

Levels and vault maps discovered:
D:1:      minmay_arrival_split_and_join, layout_basic,
          hellmonk_ecumenical_altar_heavens_door, hangedman_decor_growths,
          serial_bayou_pond_c
D:2:      layout_loops_ring, basic_altar, uniq_terence, uniq_robin, uniq_natasha
D:3:      layout_basic, nicolae_ru_sacrificial_ziggurat

Skill      XL: |  1  2  3  4 |
---------------+-------------+-----
Earth Magic    | 3 4 |  4.4
Spellcasting   | 3 4 |  4.8
Dodging        | |  1.7
Stealth        | |  1.4
Transmutations | |  0.8

Action                   |  1- 3 |  4- 6 || total
-------------------------+-------+-------++-------
Melee: Unarmed           |    26 |    15 ||    41
       Spear             |       |    35 ||    35
 Cast: Sandblast         |    65 |    42 ||   107
  Use: Potion            |       |     3 ||     3
       Scroll            |       |     1 ||     1
Armor: Robe              |    14 |    21 ||    35
Dodge: Dodged            |    24 |    39 ||    63

Table legend: (Time is in decaauts)
 A = Elapsed time spent in this place.
 B = Non-inter-level travel time spent in this place.
 C = Inter-level travel time spent in this place.
 D = Time resting spent in this place.
 E = Time spent auto-exploring this place.
 F = Levels seen in this place.
 G = Mean time per level.
                   A        B        C        D        E       F      G
               +--------+--------+--------+--------+--------+-----+--------+
         Total |   3177 |   3123 |     54 |    223 |   2427 |   3 | 1059.0 |
       Dungeon |   3177 |   3123 |     54 |    223 |   2427 |   3 | 1059.0 |
               +--------+--------+--------+--------+--------+-----+--------+

Top non-repeatable levels by time:
     D:1: 1682 daAuts
     D:2: 1459 daAuts
     D:3: 35 daAuts
